 Dungeon Crawl Stone Soup version 0.31-a0-187-gba352fbbf7 (webtiles) character file.

Game seed: 1534952544420782517

259 kae the Changer (level 5, -22/48 HPs)
             Began as a Draconian Transmuter on June 22, 2023.
             Annihilated by Menkaure (42 damage)
             ... on level 4 of the Dungeon.
             The game lasted 00:03:12 (3191 turns).

kae the Changer (Draconian Transmuter)              Turns: 3191, Time: 00:03:12

Health: -22/48     AC:  6    Str: 12    XL:     5   Next: 94%
Magic:  4/10       EV:  1    Int: 16    God:
Gold:   36         SH:  0    Dex: 11    Spells: 0/10 levels left

rFire   x .          .
                       - Unarmed
rCold   + + +        (shield currently unavailable)
rNeg    . . .        (body armour unavailable)
rPois   +            (helmet currently unavailable)
rElec   .            (cloak currently unavailable)
rCorr   .            (gloves currently unavailable)
SInv    .            (boots currently unavailable)
Will    .....        f - amulet "Meckiad" {Regen+ Stlth+}
Stlth   ++           Z - ring of wizardry
HPRegen 1.08/turn    (no ring)
MPRegen 0.12/turn

%: wizardry (x1)
@: ice-form, sleeping
A: freezing attack, amphibious, boosted hp, AC +5, large, unfitting armour,
(cold-blooded)
a: End Transformation


You were on level 4 of the Dungeon.
You were a creature of crystalline ice.
You visited 1 branch of the dungeon, and saw 4 of its levels.

You collected 129 gold pieces.
You spent 93 gold pieces at shops.


Innate Abilities, Weirdness & Mutations

You are a creature of crystalline ice.
You have a powerful freezing melee attack.
You are amphibious.
Your maximum health is increased.
Your armour is entirely melded.
You are incapable of wielding weapons or throwing items.
((Your plain brown scales are hard. (AC +5)))
You cannot fit into any form of body armour.
((You are cold-blooded and may be slowed by cold attacks.))


   Skills:
 - Level 1.1 Fighting
 - Level 1.7 Dodging
 - Level 3.0 Unarmed Combat
 + Level 3.4 Spellcasting
 * Level 4.9 Transmutations
 - Level 2.0 Poison Magic


You couldn't memorise any spells.
You knew the following spells:

 Your Spells              Type           Power      Damage    Failure   Level
a - Beastly Appendage     Tmut           36%        N/A       1%          1
b - Wereblood             Tmut           18%        N/A       1%          2
c - Spider Form           Tmut/Pois      13%        N/A       5%          3
d - Ice Form              Ice/Tmut       10%        N/A       26%         4

Your spell library contained the following spells:

 Spells                   Type           Power      Damage    Failure   Level
 Passwall                 Tmut/Erth      8%         N/A       4%          2
 Ensorcelled Hibernation  Hex/Ice        4%         N/A       11%         2
 Gell's Gravitas          Tloc           2%         N/A       21%         3
 Swiftness                Air            2%         N/A       21%         3
 Teleport Other           Tloc           2%         N/A       21%         3
 Anguish                  Hex/Necr       1%         N/A       54%         4
 Dispersal                Tloc           1%         N/A       100%        6

Inventory:

Missiles
 b - 31 stones
 i - 4 boomerangs
Jewellery
 f - the amulet "Meckiad" (around neck) {Regen+ Stlth+}
   (You acquired it on level 3 of the Dungeon)

   [amulet of regeneration]

   Regen:     It increases your rate of health regeneration.
   Stlth:     It makes you more stealthy.
 T - an amulet of faith {!P}
   (You found it on level 2 of the Dungeon)
 Z - a ring of wizardry (left front paw)
   (You found it on level 2 of the Dungeon)
Wands
 j - a wand of iceblast (11)
   (You found it on level 3 of the Dungeon)
Scrolls
 d - 2 scrolls of teleportation {@r4}
 g - 3 scrolls of poison {!r}
 h - a scroll of noise {!r}
 l - 2 scrolls of fog
Potions
 a - a potion of lignification {!q}
 c - a potion of curing {unknown}
 e - 2 potions of brilliance {unknown}
 k - a potion of resistance {unknown}

Dungeon Overview and Level Annotations

Branches:
Dungeon (4/15) Zot: 20807
 Temple: D:4-7

Altars:
Makhleb
Sif Muna
Xom

Shops:
D:2 *

Annotations:
D:4 Menkaure

,,,,,,,,.......,,,,,,##
,,,,,,,,.......,,,,,#.#
,,8,,,,,..8.^..,,,,#.#*
,,,,,,,,.......,,,#.#*
,8,,,,,,...8...,,#.#*
,,,,,,,,.......,#.#*
,,8,,,,,..8....#.#*
,,*,,*,*,,*,..#M#######
*****,,,**####.#Y.....#
,,*,,*,*,,#...#.#######
,,,,,,,,....f..#.##
,,,,,,,,........#.#######
,,,,,,,,.........#.######
,,,,,,,,..........#.#####
,*,**,,,##.#.......#.####
*,*,**,*#.#.#.......#.###
******+*#####........####


You could see Menkaure.


Message History

You start resting.
You warm up again. 😕 HP[+8] MP[+1]
You now have 40 max hp (-8).
You regained 8 hp, and now have 34/40 hp.
Unknown command.
d - 2 scrolls of teleportation {@r4} (gained 1)
j - a wand of iceblast (11);
k - a scroll labelled UKHLOI TARUWN 😎 HP[+6] MP[+1]
Your hp is fully restored (40).
Your mp is fully restored (10).
Unknown command.
l - a scroll of fog
i - 4 boomerangs (gained 2)
l - 2 scrolls of fog (gained 1)
b - 31 stones (gained 5) Key pressed, stopping explore.
There is an open door here.
You see here a +0 whip.
Key pressed, stopping explore.
Found a stone staircase leading up.
Done exploring.
Done exploring.
Done exploring.
Done exploring.
Done exploring.
(D) Dungeon
Where to? (Enter - D:3, ? - help)
There is a stone staircase leading down here.
You climb downwards.
There is a stone staircase leading up here.
As you read the scroll labelled UKHLOI TARUWN, it crumbles to dust.
You feel aware of your surroundings.
It was a scroll of revelation.
k - a dark potion Unknown command.
A sleepcap comes into view.
A sleepcap is nearby!
Unknown command.
A sleepcap is nearby!
A sleepcap is nearby!
Casting: Ice Form (quite dangerous; 26% risk of failure)
Confirm with . or Enter, or press ? or * to list all spells.
The spell is quite dangerous to miscast (26% risk of failure)!
Continue anyway? [Y]es or [N]o only, please.
The spell is quite dangerous to miscast (26% risk of failure)!
Continue anyway?
Okay, then.
Casting: Ice Form (quite dangerous; 26% risk of failure)
Confirm with . or Enter, or press ? or * to list all spells.
You turn into a venomous arachnid creature.
Your transformation is almost over. 😎 MP[-3]
You lost 3 mp, and now have 7/10 mp.
You start resting.
A sleepcap is nearby!
You hit the sleepcap. You hit the sleepcap.
The sleepcap releases spores at you.
You are engulfed in a cloud of soporific spores!
You fall asleep.
The sleepcap releases spores at you!!
You wake up.
Ouch! That really hurt!
* * * LOW HITPOINT WARNING * * *
You are engulfed in a cloud of soporific spores!
You are unaffected.
You hear a shout! 😨 HP[-21] MP[+1]
You take 21 damage, and now have 19/40 hp.
MASSIVE DAMAGE!! (PAUSE)
You hit the sleepcap but do no damage.
The sleepcap is poisoned.
The sleepcap barely misses you. 😨 HP[+1] Unknown command.
You hit the sleepcap but do no damage.
The sleepcap looks as sick as possible!
The sleepcap barely misses you.
Menkaure, Prince of Dust comes into view. 😮 HP[+1]
You hit the sleepcap.
The sleepcap looks as sick as possible!
The sleepcap barely misses you. 😮 HP[+1] Unknown command.
You hit the sleepcap but do no damage.
Your transformation has ended.
The sleepcap releases spores at you.
* * * LOW HITPOINT WARNING * * *
😨 HP[-4]
You take 4 damage, and now have 18/40 hp.
Unknown command.
Casting: Spider Form (dangerous; 6% risk of failure)
Confirm with . or Enter, or press ? or * to list all spells.
The spell is quite dangerous to miscast (26% risk of failure)!
Continue anyway? [Y]es or [N]o only, please.
The spell is quite dangerous to miscast (26% risk of failure)!
Continue anyway?
You turn into a creature of crystalline ice.
The sleepcap releases spores at you.
* * * LOW HITPOINT WARNING * * *
You are engulfed in a cloud of soporific spores!
You fall asleep.
You destroy the sleepcap!
Menkaure hits you!!!
Ouch! That really hurt!
You die...

Skill      XL: |  1  2  3  4  5 |
---------------+----------------+-----
Transmutations | 3 4 |  4.9
Poison Magic   | 1 2 |  2.0
Spellcasting   | 3 |  3.4
Fighting       | |  1.1
Dodging        | |  1.7
Unarmed Combat | |  3.0

Action                     |  1- 3 |  4- 6 || total
---------------------------+-------+-------++-------
  Melee: Unarmed           |    59 |    69 ||   128
         Kick              |    11 |       ||    11
         Headbutt          |     6 |     1 ||     7
         Tailslap          |     4 |       ||     4
         Punch             |     3 |     1 ||     4
   Cast: Beastly Appendage |    15 |     1 ||    16
         Spider Form       |     3 |     9 ||    12
         Wereblood         |     2 |     2 ||     4
         Ice Form          |       |     2 ||     2
    Use: Scroll            |     7 |     1 ||     8
   Stab: Distracted        |       |     1 ||     1
 Armour: Skin              |    12 |     2 ||    14
  Dodge: Dodged            |    51 |    45 ||    96

Levels and vault maps discovered:
D:1:      roderic_chinese_lattice_arrival, layout_basic
D:2:      layout_basic, serial_shops, nicolae_shop_pleasant_corner_grove,
          grunt_decor_arrowhead
D:3:      layout_basic, demons_altar, mainiacjoe_overflow_swirl,
          serial_park_tiny_1
D:4:      wad_pebble_path, layout_basic, uniq_ijyb, uniq_menkaure

Notes
Turn   | Place    | Note
-------+----------+-------------------------------------------
     0 | D:1      | kae the Draconian Transmuter began the quest for the Orb.
     0 | D:1      | Reached XP level 1. HP: 16/16 MP: 3/3
     0 | D:1      | magus.rc [v1.11.3]
    10 | D:1      | You pick up a book of Dreams and begin reading...
    10 | D:1      | You add the spells Ensorcelled Hibernation and Anguish to
                  | your library.
    89 | D:1      | You add the spells Gell's Gravitas, Teleport Other and
                  | Dispersal to your library.
   841 | D:2      | Identified a scroll of acquirement
   897 | D:2      | Reached XP level 2. HP: 22/23 MP: 3/5
  1058 | D:2      | Learned a level 2 spell: Wereblood
  1202 | D:2      | You pick up a book of Burglary and begin reading...
  1202 | D:2      | You add the spells Passwall and Swiftness to your library.
  1482 | D:2      | Noticed an ogre
  1818 | D:2      | Found Hojewot's Assorted Antiques.
  1824 | D:2      | Bought a scroll labelled QOR WAH EFOASK for 31 gold pieces
  1824 | D:2      | Bought a scroll labelled TONIMA HA HAT for 31 gold pieces
  1824 | D:2      | Bought a scroll labelled TONIMA HA HAT for 31 gold pieces
  1962 | D:3      | Acquired the amulet "Meckiad" {Regen+ Stlth+}
  1993 | D:3      | Reached skill level 3 in Transmutations
  1993 | D:3      | Reached XP level 3. HP: 28/28 MP: 6/6
  2011 | D:3      | Learned a level 3 spell: Spider Form
  2196 | D:2      | Reached skill level 1 in Poison Magic
  2196 | D:2      | Reached XP level 4. HP: 25/35 MP: 3/8
  2381 | D:3      | Found a shimmering blue altar of Sif Muna.
  2390 | D:3      | Found a shimmering altar of Xom.
  2428 | D:3      | Reached skill level 4 in Transmutations
  2523 | D:3      | Reached skill level 3 in Spellcasting
  2571 | D:3      | Reached XP level 5. HP: 40/40 MP: 2/9
  2709 | D:3      | Reached skill level 2 in Poison Magic
  2796 | D:3      | Learned a level 4 spell: Ice Form
  2799 | D:3      | Found a burning altar of Makhleb.
  3186 | D:4      | Noticed Menkaure
  3191 | D:4      | Annihilated by Menkaure

Vanquished Creatures
  3 iron imps (D:3)
  A sleepcap (D:4)
  A gnoll bouda (D:2)
  5 gnolls
  5 adders (D:3)
  An orc (D:3)
  2 bats
  An endoplasm (D:1)
  2 goblins (D:2)
  4 hobgoblins (D:2)
  3 quokkas
  2 ball pythons (D:3)
  3 frilled lizards
  3 kobolds
  2 rats
38 creatures vanquished.

Table legend:
 A = Non-vault XP
 B = Vault XP
 C = Vault XP percentage of total XP
 D = Non-vault monster count
 E = Vault monster count
 F = Vault count percentage of total count
                 A         B        C        D         E       F
            +---------+---------+-------+---------+---------+-------
      Total |     251 |     119 |  32.2 |      35 |       3 |   7.9
            +---------+---------+-------+---------+---------+-------
        D:1 |       9 |       0 |   0.0 |       6 |       0 |   0.0
        D:2 |      98 |       0 |   0.0 |      14 |       0 |   0.0
        D:3 |     104 |     119 |  53.4 |      14 |       3 |  17.6
        D:4 |      40 |       0 |   0.0 |       1 |       0 |   0.0
            +---------+---------+-------+---------+---------+-------

Skill      XL: |  1  2  3  4  5 |
---------------+----------------+-----
Transmutations | 3 4 |  4.9
Poison Magic   | 1 2 |  2.0
Spellcasting   | 3 |  3.4
Fighting       | |  1.1
Dodging        | |  1.7
Unarmed Combat | |  3.0

Action                     |  1- 3 |  4- 6 || total
---------------------------+-------+-------++-------
  Melee: Unarmed           |    59 |    69 ||   128
         Kick              |    11 |       ||    11
         Headbutt          |     6 |     1 ||     7
         Tailslap          |     4 |       ||     4
         Punch             |     3 |     1 ||     4
   Cast: Beastly Appendage |    15 |     1 ||    16
         Spider Form       |     3 |     9 ||    12
         Wereblood         |     2 |     2 ||     4
         Ice Form          |       |     2 ||     2
    Use: Scroll            |     7 |     1 ||     8
   Stab: Distracted        |       |     1 ||     1
 Armour: Skin              |    12 |     2 ||    14
  Dodge: Dodged            |    51 |    45 ||    96

Illustrated notes

Table legend:
 A = Kills in this place as a percentage of kills in the entire game.
 B = Kills by you in this place as a percentage of kills by you in the entire game.
 C = Kills by friends in this place as a percentage of kills by friends in the entire game.
 D = Other kills in this place as a percentage of other kills in the entire game.
 E = Experience gained in this place as a percentage of experience gained in the entire game.
 F = Experience gained in this place divided by the number of levels of this place that you have seen.
                   A       B       C       D       E      F
               +-------+-------+-------+-------+-------+----------------------
         Total | 100.0 | 100.0 |   N/A |   N/A | 100.0 |  92.5
       Dungeon | 100.0 | 100.0 |   N/A |   N/A | 100.0 |  92.5
               +-------+-------+-------+-------+-------+----------------------

Table legend: (Time is in decaauts)
 A = Elapsed time spent in this place.
 B = Non-inter-level travel time spent in this place.
 C = Inter-level travel time spent in this place.
 D = Time resting spent in this place.
 E = Time spent auto-exploring this place.
 F = Levels seen in this place.
 G = Mean time per level.
                   A        B        C        D        E       F      G
               +--------+--------+--------+--------+--------+-----+--------+
         Total |   3191 |   2971 |    220 |    182 |   2287 |   4 |  797.8 |
       Dungeon |   3191 |   2971 |    220 |    182 |   2287 |   4 |  797.8 |
               +--------+--------+--------+--------+--------+-----+--------+

Top non-repeatable levels by time:
     D:2: 1205 daAuts
     D:3: 1005 daAuts
     D:1: 953 daAuts
     D:4: 27 daAuts
